 Dungeon Crawl Stone Soup version 0.22-a0-757-gdba82d8 (webtiles) character file.

4788 Mamutox the Cleaver (level 10, -1/110 HPs)
             Began as an Ogre Chaos Knight on July 16, 2018.
             Slain by a three-headed hydra (7 damage)
             ... on level 8 of the Dungeon.
             The game lasted 00:29:27 (7726 turns).

Mamutox the Cleaver (Ogre Chaos Knight)             Turns: 7726, Time: 00:29:28

Health: -1/110     AC:  5    Str: 18    XL:     10   Next: 47%
Magic:  10/10      EV: 13    Int: 13    God:    Xom [.....*]
Gold:   312        SH:  4    Dex: 13    Spells: 9/9 levels left

rFire    . . .     SeeInvis +   s - +5 battleaxe (freeze)
rCold    + . .     Gourm    .   (shield currently unavailable)
rNeg     . . .     Faith    .   b - +2 robe
rPois    .         Spirit   .   (helmet restricted)
rElec    .         Reflect  .   (no cloak)
rCorr    .         Harm     .   (gloves unavailable)
MR       +....     Rnd*Tele +   (boots unavailable)
Stlth    +.........             d - amulet of regeneration
HPRegen  0.68/turn              w - ring of see invisible
MPRegen  0.12/turn              u - ring of teleportation (curse)

@: no status effects
A: large, unfitting armour, large bone plates 1, agile 1, cold resistance 1,
tough skin 1, evolution 1
a: Renounce Religion


You were on level 8 of the Dungeon.
You worshipped Xom.
You were Xom's teddy bear.
You were hungry.

You visited 1 branch of the dungeon, and saw 8 of its levels.
You also visited: Sewer.

You collected 466 gold pieces.
You spent 154 gold pieces at shops.

Inventory:

Hand Weapons
 a - a +0 hand axe of chaos
 s - a +5 battleaxe of freezing (weapon)
 t - a +1 hand axe of flaming
 E - the +2 Maxwell's thermic engine {flame, freeze, rF- rC-}
   (You found it on level 7 of the Dungeon)

   It has been specially enchanted to burn those struck by it, causing extra
   injury to most foes and up to half again as much damage against particularly
   susceptible opponents.
   Big, fiery blades are also staple armaments of hydra-hunters.
   It makes you vulnerable to fire.
   It makes you vulnerable to cold.
Missiles
 g - 8 tomahawks (quivered)
 r - 16 poisoned needles
Armour
 b - a +2 robe (worn)
 B - a cursed -1 robe
Jewellery
 d - an amulet of regeneration (around neck)
 i - an uncursed ring of positive energy
 u - a cursed ring of teleportation (right hand)
 w - a ring of see invisible (left hand)
Wands
 l - a wand of disintegration (8)
 D - a wand of random effects (25)
Scrolls
 f - 5 scrolls of teleportation
 m - 4 scrolls of enchant armour
 v - 3 scrolls of immolation
 x - a scroll of amnesia
 y - a scroll of fear
 A - 2 scrolls of magic mapping
Potions
 e - 2 potions of mutation
 h - a potion of degeneration
 j - 5 potions of curing
 k - a potion of might
 n - a potion of flight
 p - 2 potions of haste
 q - a potion of brilliance {unknown}
 z - a potion of heal wounds
 C - a potion of magic {unknown}
 F - a potion of invisibility
Comestibles
 c - 18 rations
 o - 4 chunks of flesh


   Skills:
 - Level 9.9 Fighting
 + Level 11.7 Axes
 - Level 6.7 Dodging


You had 9 spell levels left.
You didn't know any spells.
Your spell library contained the following spells:

 Spells                   Type           Power        Failure   Level  Hunger
 Throw Frost              Conj/Ice       #.....       43%         2    ###....
 Summon Small Mammal      Summ           #...         30%         1    ##.....
 Freeze                   Ice            #...         30%         1    ##.....
 Summon Ice Beast         Ice/Summ       #.......     97%         4    #####..
 Ozocubu's Armour         Chrm/Ice       #.......     67%         3    ####...
 Call Imp                 Summ           #.......     43%         2    ###....
 Swiftness                Chrm/Air       #.......     43%         2    ###....
 Throw Icicle             Conj/Ice       #.......     97%         4    #####..
 Tornado                  Air            #.........   100%        9    #######
 Summon Mana Viper        Hex/Summ       #.......     100%        5    ######.
 Poisonous Vapours        Pois/Air       #.....       43%         2    ###....


Dungeon Overview and Level Annotations

Branches:
Dungeon (8/15)             Temple (0/1) D:5
   Lair: D:8-11

Altars:
Cheibriados
Fedhas
Nemelex Xobeh
Qazlal
Vehumet
Xom
Zin

Shops:
D:4 ?   D:5 *

Annotations:
D:3 1 runed door
D:5 exclusion: statue


Innate Abilities, Weirdness & Mutations

You are too large for most types of armour.
You have tough skin. (AC +1)
You are partially covered in large bone plates. (SH +4)
You are agile. (Dex +2)
Your flesh is cold resistant. (rC+)
You evolve.


Message History

Press: ? - help, Shift-Dir - straight line, f - three-headed hydra
Aim: a three-headed hydra (severely wounded, chance to defeat MR: 30%)
The three-headed hydra is blasted.
The three-headed hydra barely misses you.
The three-headed hydra misses you. The three-headed hydra bites you!
* * * LOW HITPOINT WARNING * * *
The three-headed hydra bites you!
* * * LOW HITPOINT WARNING * * *
The three-headed hydra bites you.
* * * LOW HITPOINT WARNING * * *
The three-headed hydra barely misses you.
The three-headed hydra bites you!
* * * LOW HITPOINT WARNING * * *
You block the three-headed hydra's attack.
The three-headed hydra barely misses you.
The three-headed hydra bites you.
* * * LOW HITPOINT WARNING * * *
The three-headed hydra bites you!
You die...
Xom thinks this is hilarious!

##......# # ###...#.#.# #
#+++#.#...#.#.# # ..............#
# #..#.#...###.# #
#..#.##...##.####
#################..#<##...##..##.
.)+.P≈PP#......................+.
%)#≈≈≈≈P#......D@...#########..#.
(##P≈P.≈#.........<.# ##.#.
..#.....#)..........# #.#.
..'....≈÷...........# #.#.
..'..P.÷#...........# #.#.
..'....≈#...........# #...
..#.....#########+### #######..
######### #.# #........ #.#
#.#####..


You could see a three-headed hydra.

Vanquished Creatures
  A two-headed ogre (D:8)
  Pikel (D:4)
  A dream sheep (D:8)
  2 yaks (D:8)
  Menkaure (D:4)
  2 sky beasts (D:6)
  A tengu (Sewer)
  3 ogres
  A wolf (D:7)
  2 centaurs (D:7)
  5 big kobolds
  2 bullfrogs (D:6)
  A scorpion (D:6)
  3 wights (D:7)
  An electric eel (D:6)
  2 howler monkeys (D:5)
  4 crimson imps
  An orc priest (D:4)
  2 hounds
  A jelly (D:5)
  A centaur skeleton (D:6)
  5 orc wizards
  A gnoll shaman (D:6)
  Jessica (D:2)
  A bullfrog skeleton (D:8)
  Terence (D:2)
  An iguana (D:6)
  3 worker ants
  2 hound skeletons
  Robin (D:2)
  9 gnolls
  4 river rats
  13 adders
  3 shadow imps
  7 oozes
  2 adder zombies
  6 worms
  A dart slug (D:4)
  6 leopard geckos
  12 orcs
  5 giant cockroaches
  12 goblins
  9 hobgoblins
  A jackal (shapeshifter) (D:2)
  15 jackals
  2 quokkas
  4 ball pythons
  7 bats
  4 frilled lizards
  14 kobolds
  A leopard gecko skeleton (D:7)
  9 rats
200 creatures vanquished.

Vanquished Creatures (collateral kills)
  A dream sheep (D:7)
  A slave (D:4)
  An ogre (D:4)
  A bullfrog (D:7)
  A wight (D:7)
  A hound (D:4)
  2 orc priests (D:7)
  An orc wizard (D:7)
  An iguana (D:6)
  A howler monkey skeleton (D:7)
  5 orcs (D:7)
  A frilled lizard (D:4)
17 creatures vanquished.

Vanquished Creatures (others)
  A hornet (D:4)
  An ogre (D:5)
2 creatures vanquished.

Grand Total: 219 creatures vanquished

Notes
Turn   | Place    | Note
-------+----------+-------------------------------------------
     0 | D:1      | Mamutox the Ogre Chaos Knight began the quest for the Orb.
     0 | D:1      | Reached XP level 1. HP: 24/24 MP: 1/1
    11 | D:1      | XOM: silly message
    44 | D:1      | Reached XP level 2. HP: 26/32 MP: 2/2
   114 | D:1      | XOM: divination: detect items
   211 | D:1      | Reached XP level 3. HP: 36/40 MP: 3/3
   665 | D:2      | Noticed Jessica
   669 | D:2      | Killed Jessica
   687 | D:2      | Found a sparkling altar of Nemelex Xobeh.
   700 | D:2      | Noticed Robin
   703 | D:2      | Reached XP level 4. HP: 49/49 MP: 4/4
   714 | D:2      | Reached skill level 4 in Axes
   723 | D:2      | Killed Robin
  1051 | D:2      | Noticed Terence
  1059 | D:2      | XOM: smoke on damage
  1061 | D:2      | Killed Terence
  1061 | D:2      | Reached skill level 5 in Fighting
  1061 | D:2      | Reached XP level 5. HP: 44/57 MP: 5/5
  1450 | D:3      | XOM: potion effect (brilliance)
  1456 | D:3      | XOM: potion effect (haste)
  1462 | D:3      | XOM: harmless Chrm miscast
  1546 | D:3      | XOM: divination: magic mapping
  1619 | D:3      | XOM: divination: detect items
  1620 | D:3      | XOM: silly message
  1746 | D:3      | XOM: harmless Erth miscast
  1750 | D:3      | XOM: noise
  1799 | D:3      | Found a snail-covered altar of Cheibriados.
  1896 | D:3      | XOM: severe Hex miscast
  2068 | D:3      | XOM: give mutations
  2068 | D:3      | Gained mutation: Scrolls take you a little longer to read. [Xom's mischief]
  2068 | D:3      | Lost mutation: Scrolls take you a little longer to read. [Xom's mischief]
  2144 | D:3      | XOM: stat loss: -1 Dex (8/9)
  2175 | D:3      | Found a runed door.
  2247 | D:3      | XOM: harmless Chrm miscast
  2375 | D:4      | Noticed an ogre
  2382 | D:4      | XOM: 1-stop teleportation journey
  2462 | D:4      | Noticed Menkaure
  2467 | D:4      | XOM: summons friendly iron imp
  2468 | D:4      | XOM: swap monsters
  2496 | D:4      | Killed Menkaure
  2496 | D:4      | Reached skill level 5 in Axes
  2496 | D:4      | Reached XP level 6. HP: 60/67 MP: 6/6
  2543 | D:4      | Found Fonakoiq's Magic Scroll Shoppe.
  2546 | D:4      | Bought a scroll of amnesia for 49 gold pieces
  2546 | D:4      | Bought a scroll of fear for 49 gold pieces
  2546 | D:4      | Bought a scroll of identify for 28 gold pieces
  2546 | D:4      | Bought a scroll of identify for 28 gold pieces
  2596 | D:4      | Noticed Pikel
  2596 | D:4      | Noticed a slave
  2596 | D:4      | Noticed a slave
  2597 | D:4      | Noticed a slave
  2598 | D:4      | Noticed a slave
  2601 | D:4      | XOM: smoke on damage
  2610 | D:4      | Killed a slave
  2618 | D:4      | Killed Pikel
  2618 | D:4      | Reached skill level 7 in Axes
  2618 | D:4      | Reached XP level 7. HP: 33/76 MP: 7/7
  2618 | D:4      | Reached XP level 8. HP: 36/84 MP: 8/8
  2655 | D:4      | XOM: polymorph orc -> adder
  2723 | D:4      | Found a glowing drain.
  2730 | Sewer    | Entered a sewer
  3276 | Sewer    | Reached skill level 8 in Axes
  3320 | Sewer    | XOM: mild Necr miscast
  3340 | Sewer    | XOM: severe Fire miscast
  3345 | Sewer    | XOM: confusion (+ monsters)
  3584 | D:4      | XOM: confuse monster(s)
  3648 | D:4      | Noticed a troll
  3648 | D:4      | XOM: polymorph something unseen -> troll
  3657 | D:4      | XOM: severe Chrm miscast
  3710 | D:4      | Noticed a hornet
  3710 | D:4      | a troll changed into a hornet
  3710 | D:4      | XOM: polymorph troll -> hornet
  3711 | D:4      | Killed a hornet
  3711 | D:4      | XOM: divine lightning
  3962 | D:5      | Entered Level 5 of the Dungeon
  3981 | D:5      | Reached skill level 5 in Dodging
  4000 | D:5      | Found Zin's Purification Station.
  4005 | D:5      | Found a glowing silver altar of Zin.
  4158 | D:5      | XOM: enchant monster (good)
  4321 | D:5      | Found a blossoming altar of Fedhas.
  4355 | D:5      | Reached XP level 9. HP: 70/96 MP: 9/9
  4721 | D:5      | Found a staircase to the Ecumenical Temple.
  4791 | D:5      | Found a stormy altar of Qazlal.
  4861 | D:5      | Found a radiant altar of Vehumet.
  5063 | D:6      | Reached skill level 9 in Axes
  5127 | D:6      | XOM: potion effect (agility)
  5151 | D:6      | XOM: divination: magic mapping
  5481 | D:6      | XOM: fake destruction
  5492 | D:6      | XOM: harmless Chrm miscast
  5503 | D:6      | XOM: 1-stop teleportation journey
  5972 | D:6      | XOM: scenery: create altars
  6062 | D:7      | XOM: god gift: worn glass wand {god gift}
  6076 | D:7      | XOM: cloud trail
  6093 | D:7      | Found the +2 Maxwell's thermic engine {flame, freeze, rF- rC-}
  6099 | D:7      | XOM: 2-stop teleportation journey
  6135 | D:7      | XOM: confuse monster(s)
  6266 | D:8      | XOM: cast spell 'Discord'
  6289 | D:8      | HP: 4/98 [poisoned by a worker ant]
  6295 | D:8      | HP: 3/98 [poisoned by a worker ant]
  6301 | D:8      | HP: 3/98 [poisoned by a worker ant]
  6306 | D:8      | HP: 4/98 [poisoned by a worker ant]
  6564 | D:8      | XOM: polymorph big kobold -> wolf
  6578 | D:7      | XOM: cast spell 'Summon Hydra'
  6769 | D:7      | Reached skill level 10 in Axes
  6804 | D:7      | Reached XP level 10. HP: 63/110 MP: 10/10
  6819 | D:7      | Identified Xom's Compendium of Upheaval (Xom gifted it to you on level 7 of the Dungeon)
  6819 | D:7      | XOM: god gift: Xom's Compendium of Upheaval
  7190 | D:7      | XOM: summons 10 friendly demons
  7286 | D:7      | XOM: give mutations
  7286 | D:7      | Gained mutation: You evolve. [Xom's grace]
  7286 | D:7      | Gained mutation: You are agile. (Dex +2) [Xom's grace]
  7286 | D:7      | Gained mutation: You are partially covered in large bone plates. (SH +4) [Xom's grace]
  7286 | D:7      | Gained mutation: Your flesh is cold resistant. (rC+) [Xom's grace]
  7486 | D:7      | XOM: god gift: emerald potion {god gift}
  7503 | D:7      | XOM: cloud trail
  7584 | D:8      | Noticed a two-headed ogre
  7590 | D:8      | Killed a two-headed ogre
  7590 | D:8      | Reached skill level 11 in Axes
  7684 | D:8      | Noticed a three-headed hydra
  7700 | D:8      | XOM: summons friendly shadow imp
  7702 | D:8      | XOM: scenery: 1 doors close
  7712 | D:8      | XOM: divine lightning
  7721 | D:8      | HP: 5/110 [three-headed hydra (15)]
  7726 | D:8      | Slain by a three-headed hydra

Vault maps used:
D:1:      matt_arrival_los_fun, st_stairs_1
D:2:      minmay_kobold_bridge, nemelex_lonely_heart_becter, uniq_terence,
          uniq_jessica, uniq_robin
D:3:      grunt_decor_resistance, cheibriados_altar_1, uniq_crazy_yiuf_cottage
D:4:      portal_sewer_entry_e, first_ration, serial_shops,
          kennysheep_mini_moat, hex_medium, uniq_pikel, uniq_menkaure
D:5:      grunt_temple_overflow_forces_of_nature, vehumet_statue, zin_purify,
          minmay_temple_entry_glassed_door, hangedman_decor_peaks_small,
          nrook_pool_corridor
D:6:      minivault_4
D:8:      lightli_temple_of_fire, basic_altar, hangedman_ranch,
          zaba_antful_of_joy, uniq_erica
Sewer:    sewer_co_tree

Skill      XL: |  1  2  3  4  5  6  7  8  9 10 |
---------------+-------------------------------+-----
Axes           | 4 5 7 8 10 11 | 11.7
Dodging        | 3 4 5 6 |  6.7
Fighting       | 5 6 8 9 |  9.9

Action                   |  1- 3 |  4- 6 |  7- 9 | 10-12 || total
-------------------------+-------+-------+-------+-------++-------
Melee: Hand axe          |    61 |    88 |   491 |       ||   640
       War axe           |       |   108 |    58 |       ||   166
       Battleaxe         |       |       |       |    37 ||    37
Throw: Tomahawk          |       |       |       |     3 ||     3
Evoke: Wand              |       |       |       |     1 ||     1
  Use: Scroll            |       |    14 |     4 |     1 ||    19
       Potion            |       |     2 |     1 |       ||     3
 Stab: Sleeping          |       |     1 |     2 |     1 ||     4
       Paralysed         |       |       |     7 |       ||     7
       Confused          |       |       |     5 |       ||     5
       Petrifying        |       |       |     2 |       ||     2
       Petrified         |       |       |     4 |       ||     4
       Distracted        |       |       |     1 |     1 ||     2
  Eat: Chunk             |       |     3 |    14 |     2 ||    19
       Ration            |       |     1 |       |       ||     1
Armor: Robe              |    49 |    90 |   107 |    10 ||   256
       Skin              |       |    38 |       |       ||    38
Dodge: Dodged            |    61 |   133 |   259 |    31 ||   484
Block: Other             |       |       |       |     5 ||     5

Table legend:
 A = Spawn XP
 B = Non-spawn XP
 C = Spawn XP percentage of total XP
 D = Spawn monster count
 E = Non-spawn monster count
 F = Spawn count percentage of total count
 G = Total turns spent on level
                    A         B        C        D         E        F      G
               +---------+---------+-------+---------+---------+-------+---------
         Total |       0 |    6840 |   0.0 |       0 |     217 |   0.0 |  7726
               +---------+---------+-------+---------+---------+-------+---------
           D:1 |       0 |      40 |   0.0 |       0 |      21 |   0.0 |   579
           D:2 |       0 |     136 |   0.0 |       0 |      28 |   0.0 |   776
           D:3 |       0 |      83 |   0.0 |       0 |      20 |   0.0 |  1002
           D:4 |       0 |    1207 |   0.0 |       0 |      28 |   0.0 |   927
           D:5 |       0 |     680 |   0.0 |       0 |      21 |   0.0 |  1072
           D:6 |       0 |     866 |   0.0 |       0 |      26 |   0.0 |   946
           D:7 |       0 |    1254 |   0.0 |       0 |      33 |   0.0 |  1140
           D:8 |       0 |    2012 |   0.0 |       0 |      13 |   0.0 |   606
         Sewer |       0 |     562 |   0.0 |       0 |      27 |   0.0 |   678
               +---------+---------+-------+---------+---------+-------+---------
